 Dungeon Crawl Stone Soup version 0.29.1-2-gbd0b4ee654 (webtiles) character file.

Game seed: 11574871147611228249

37 GorkyZ the Chopper (level 3, -14/22 HPs)
             Began as a Gargoyle Gladiator on Nov 30, 2022.
             Killed from afar by a white imp (15 damage)
             ... with a puff of frost
             ... summoned by Natasha
             ... on level 2 of the Dungeon.
             The game lasted 00:01:49 (1209 turns).

GorkyZ the Chopper (Gargoyle Gladiator)             Turns: 1209, Time: 00:01:51

Health: -14/22     AC: 12    Str: 19    XL:     3   Next: 39%
Magic:  3/3        EV:  8    Int:  8    God:
Gold:   90         SH:  0    Dex: 11    Spells: 2/2 levels left

rFire   . . .      SeeInvis .   a - +0 war axe
rCold   . . .      Faith    .   (no shield)
rNeg    + . .      Spirit   .   f - +0 chain mail
rPois   ∞          Reflect  .   c - +0 helmet
rElec   +          Harm     .   (no cloak)
rCorr   .          Rampage  .   (no gloves)
Will    .....                   (no boots)
Stlth   ..........              (no amulet)
HPRegen 0.07/turn               (no ring)
MPRegen 0.08/turn               (no ring)

@: no status effects
A: sickness immunity, AC +3, negative energy resistance 1, electricity
resistance, torment resistance 1, petrification resistance
a: no special abilities


You were on level 2 of the Dungeon.
You visited 1 branch of the dungeon, and saw 2 of its levels.

You collected 90 gold pieces.

Inventory:

Hand Weapons
 a - a +0 war axe (weapon)
Missiles
 d - 3 throwing nets (quivered)
 e - a javelin
Armour
 b - a +0 leather armour
 c - a +0 helmet (worn)
 f - a +0 chain mail (worn)
Scrolls
 g - a scroll of summoning {unknown}
 h - 2 scrolls of identify {unknown}
Potions
 i - a potion of ambrosia {unknown}


   Skills:
 + Level 2.4 Fighting
 + Level 2.9 Axes
 + Level 2.0 Throwing
 + Level 1.0 Armour
 + Level 2.6 Dodging
 + Level 1.0 Shields
 + Level 0.6 Evocations


You had 2 spell levels left.
You didn't know any spells.
Your spell library was empty.

Dungeon Overview and Level Annotations

Branches:
Dungeon (2/15)

Altars:

Annotations:
D:2 Natasha


Innate Abilities, Weirdness & Mutations

You are immune to sickness and miasma.
Your stone body is resilient. (AC +3)
You are immune to poison.
You resist negative energy. (rN+)
You are resistant to electric shocks. (rElec)
You are resistant to unholy torment.
You are immune to petrification.


Message History

You hit the adder.
The adder is almost dead.
You closely miss Natasha. The adder bites you but does no damage.
Natasha completely misses you. The adder barely misses you.
Natasha casts a spell at you.
The magic dart hits you but does no damage.
You closely miss the adder.
The adder is almost dead.
You closely miss Natasha. The adder misses you. Natasha closely misses you.
The adder bites you but does no damage.
You barely miss the adder.
The adder is almost dead.
You closely miss Natasha. The adder completely misses you. Natasha claws you.
The adder bites you but does no damage. Natasha claws you but does no damage.
You hit the adder.
You kill the adder!
You barely miss Natasha. Natasha barely misses you.
Your Armour skill increases to level 1!
Your Shields skill increases to level 1!
You closely miss Natasha.
Natasha casts a spell.
You closely miss Natasha. Natasha closely misses you.
Natasha mumbles some strange words.
You slash Natasha!
Natasha is heavily wounded.
You hit the crimson imp. The crimson imp barely misses you. Natasha claws you.
The white imp gestures at you. The puff of frost hits you.
You are too injured to fight recklessly!
You are too injured to fight recklessly!
You are too injured to fight recklessly!
You are too injured to fight recklessly!
You hit Natasha.
Natasha is almost dead.
You barely miss the crimson imp. The crimson imp hits you. Natasha claws you!
* * * LOW HITPOINT WARNING * * *
The white imp gestures at you. The puff of frost hits you!
Ouch! That really hurt!
You die...

...........
#.........
#......#..
#.....>..
#.....$.#
#.......#
#.......#
#....h@<#
#.#...5#.......
+.5..........
#............
..............
####.....##.###
#.....# ..
......# #.


You could see Natasha, a crimson imp (summoned) and a white imp (summoned).

Vanquished Creatures
  An adder (D:2)
  A dart slug (D:1)
  3 ball pythons (D:1)
  6 endoplasms (D:1)
  3 goblins (D:1)
  A quokka (D:1)
  3 bats (D:1)
  A frilled lizard (D:1)
  3 kobolds (D:1)
  2 rats (D:1)
24 creatures vanquished.

Notes
Turn   | Place    | Note
-------+----------+-------------------------------------------
     0 | D:1      | GorkyZ the Gargoyle Gladiator began the quest for the Orb.
     0 | D:1      | Reached XP level 1. HP: 12/12 MP: 1/1
   240 | D:1      | Reached XP level 2. HP: 17/17 MP: 2/2
   775 | D:1      | Reached XP level 3. HP: 22/22 MP: 3/3
   874 | D:1      | Found a faded altar of an unknown god.
  1198 | D:2      | Noticed Natasha
  1206 | D:2      | Reached skill level 1 in Armour
  1206 | D:2      | Reached skill level 1 in Shields
  1209 | D:2      | HP: 1/22 [Natasha (7)]
  1209 | D:2      | Killed from afar by a white imp

Illustrated notes

Levels and vault maps discovered:
D:1:      dpeg_arrival_shelter, layout_basic, basic_ecumenical_altar,
          minmay_misc_feat_secret_circle
D:2:      kennysheep_big_flooded_room, layout_basic, basic_altar,
          minmay_increasing_density, uniq_natasha, uniq_jessica

Skill      XL: |  1  2  3 |
---------------+----------+-----
Throwing       | 2 |  2.0
Armour         | 1 |  1.0
Shields        | 1 |  1.0
Fighting       | |  2.4
Axes           | |  2.9
Dodging        | |  2.6
Evocations     | |  0.6

Action                   || total
-------------------------++-------
Melee: War axe           ||    64
Armor: Chain mail        ||    49
Dodge: Dodged            ||    37
